cohdb
Replays
Latest Replays
All Replays
Popular Replays
Top Player Replays
Match Explorer
How It Works
Community
CoH3 Stats
Reddit
Sign in to upload your games and track your stats! →
Sign in with Steam
Match 43810309
Unlisted
Match 43810309
Overview
Messages
Build Orders
End
Selects Australian Defense Battlegroup
Selects Australian Light Infantry Section
Australian Light Infantry Section
Construct Section Command Post
Dingo Light Scout Car
Australian Light Infantry Section
Australian Light Infantry Section
Selects 2-pounder Anti-tank Gun Team
Construct Platoon Command Post
CMP 15cwt Truck
Construct Company Command Post
2-pounder Anti-tank Gun Team
Matilda II Heavy Tank
Infantry Training
Crusader II Medium Tank
Selects CMP 15cwt Supply Run
Selects Reinforced Resource Caches
Crusader II Medium Tank
Crusader II Medium Tank
Armored Vehicle Training
Serial Chiller
huhrmit
咚咚锵
LeX
快乐虎
Enterra
Armbbking
GoodLife
0
0
Comments
sign in to comment!
No comments posted yet!